 Dungeon Crawl Stone Soup version 0.24-a0-250-g6074511 (webtiles) character file.

Game seed: 1309916367487216702

460 Borgoz the Skirmisher (level 7, -3/44 HPs)
             Began as a Gargoyle Monk on Apr 15, 2019.
             Slain by a crocodile (10 damage)
             ... in a sewer.
             The game lasted 00:07:18 (2902 turns).

Borgoz the Skirmisher (Gargoyle Monk)               Turns: 2902, Time: 00:07:19

Health: -3/44      AC: 11    Str: 15    XL:     7   Next: 7%
Magic:  7/7        EV: 12    Int: 10    God:
Gold:   160        SH:  0    Dex: 14    Spells: 6/6 levels left

rFire    . . .     SeeInvis .   a - +0 short sword
rCold    . . .     Gourm    .   (no shield)
rNeg     + . .     Faith    .   i - +1 ring mail
rPois    ∞         Spirit   .   (no helmet)
rElec    +         Reflect  .   (no cloak)
rCorr    .         Harm     .   (no gloves)
MR       .....                  (no boots)
Stlth    ++........             (no amulet)
HPRegen  0.14/turn              (no ring)
MPRegen  0.10/turn              (no ring)

@: no status effects
A: negative energy resistance 1, electricity resistance, unbreathing,
petrification resistance, rot immunity, AC +4
a: no special abilities


You were in a sewer.
You were not hungry.

You visited 1 branch of the dungeon, and saw 4 of its levels.
You also visited: Sewer.

You collected 160 gold pieces.

Inventory:

Hand Weapons
 a - a +0 short sword (weapon)
Armour
 i - a +1 ring mail (worn)
Jewellery
 g - an uncursed ring of fire
Wands
 j - a wand of polymorph (5)
Scrolls
 b - a scroll of fear {unknown}
 e - 2 scrolls of amnesia
 f - a scroll of identify
 r - 2 scrolls of remove curse
Potions
 h - a potion of haste
 k - 2 potions of heal wounds
 l - a potion of mutation
Comestibles
 c - 8 rations
 d - 3 chunks of flesh


   Skills:
 + Level 4.6 Fighting
 * Level 4.3 Short Blades
 + Level 3.1 Armour
 * Level 3.9 Dodging
 - Level 3.4 Stealth


You had 6 spell levels left.
You didn't know any spells.
Your spell library was empty.

Dungeon Overview and Level Annotations

Branches:
Dungeon (4/15)
 Temple: D:4-7

Altars:
Nemelex Xobeh


Innate Abilities, Weirdness & Mutations

You are resistant to torment.
Your stone body is resilient. (AC +4)
You are immune to poison.
You resist negative energy. (rN+)
You are resistant to electric shocks. (rElec)
You can survive without breathing.
You are immune to petrification.
You are immune to rotting.


Message History

The crocodile bites you.
Your unstable footing causes you to fumble your attack.
The crocodile misses you.
You hit the crocodile.
The crocodile is lightly wounded.
The crocodile misses you.
You puncture the crocodile!
The crocodile is moderately wounded.
The crocodile closely misses you.
You hit the crocodile.
The crocodile is heavily wounded.
The crocodile bites you!
You completely miss the crocodile.
The crocodile is heavily wounded.
The crocodile bites you!
* * * LOW HITPOINT WARNING * * *
You hit the crocodile but do no damage.
The crocodile is heavily wounded.
The crocodile bites you!
You die...

###### # ##.≈..≈.## #?
###..≈≈.≈..≈.###
#(.##≈..≈. #≈≈...###
###..≈..# #≈....##
#..≈.t≈## ##≈≈.≈.≈
###≈..@≈### ###...≈.##
#?.##....≈####.≈.≈.###
#) ###..≈≈≈≈.≈..###
###....≈.### ########


You could see a crocodile.

Vanquished Creatures
  An ogre (D:4)
  A scorpion (D:2)
  A howler monkey (D:4)
  A jelly (D:2)
  An iguana (D:3)
  2 worker ants (D:4)
  4 gnolls (D:4)
  4 adders
  2 river rats (D:4)
  4 worms
  2 dart slugs
  A leopard gecko (D:2)
  2 orcs (D:3)
  4 giant cockroaches
  9 goblins
  6 hobgoblins
  2 jackals (Sewer)
  A quokka (D:4)
  9 bats
  6 frilled lizards
  12 kobolds
  A leopard gecko skeleton (D:4)
  15 rats
91 creatures vanquished.

Notes
Turn   | Place    | Note
-------+----------+-------------------------------------------
     0 | D:1      | Borgoz the Gargoyle Monk began the quest for the Orb.
     0 | D:1      | Reached XP level 1. HP: 14/14 MP: 1/1
   191 | D:1      | Reached XP level 2. HP: 15/19 MP: 2/2
   386 | D:2      | Reached skill level 1 in Armour
   414 | D:2      | Reached XP level 3. HP: 16/23 MP: 3/3
  1012 | D:2      | HP: 1/24 [acid (9)]
  1031 | D:2      | Reached XP level 4. HP: 26/29 MP: 4/4
  1352 | D:2      | Reached XP level 5. HP: 14/33 MP: 5/5
  1540 | D:2      | Found a sparkling altar of Nemelex Xobeh.
  2403 | D:4      | Reached XP level 6. HP: 34/38 MP: 6/6
  2623 | D:4      | Reached XP level 7. HP: 17/44 MP: 7/7
  2694 | D:4      | Found a glowing drain.
  2704 | Sewer    | Entered a sewer
  2902 | Sewer    | Slain by a crocodile

Levels and vault maps discovered:
D:1:      enne_arrival_octagon_isle, layout_basic
D:2:      layout_basic, nemelex_xobeh_ov_fountains_minmay, first_ration,
          minmay_quadrilaterals
D:3:      layout_basic, minivault_24
D:4:      black_bear_nest_2, layout_basic, portal_sewer_entry_b, st_stairs_13,
          uniq_pikel
Sewer:    sewer_the_crocodile

Skill      XL: |  1  2  3  4  5  6 |
---------------+-------------------+-----
Armour         | 1 2 3 |  3.1
Short Blades   | 3 4 |  4.3
Stealth        | 3 |  3.4
Fighting       | 4 |  4.6
Dodging        | 3 |  3.9

Action                   |  1- 3 |  4- 6 |  7- 9 || total
-------------------------+-------+-------+-------++-------
Melee: Short sword       |   148 |   278 |    54 ||   480
  Use: Potion            |     3 |     1 |     1 ||     5
       Scroll            |     1 |    11 |       ||    12
 Stab: Sleeping          |     3 |     6 |       ||     9
       Invisible         |       |     4 |       ||     4
  Eat: Chunk             |     1 |     4 |     2 ||     7
Armor: Robe              |    59 |       |       ||    59
       Ring mail         |       |    83 |    15 ||    98
Dodge: Dodged            |   120 |   152 |    23 ||   295

Table legend:
 A = Non-vault XP
 B = Vault XP
 C = Vault XP percentage of total XP
 D = Non-vault monster count
 E = Vault monster count
 F = Vault count percentage of total count
                 A         B        C        D         E       F
            +---------+---------+-------+---------+---------+-------
      Total |     563 |      95 |  14.4 |      72 |      19 |  20.9
            +---------+---------+-------+---------+---------+-------
        D:1 |      18 |       0 |   0.0 |      13 |       0 |   0.0
        D:2 |     158 |      20 |  11.2 |      24 |       6 |  20.0
        D:3 |      85 |       0 |   0.0 |      21 |       0 |   0.0
        D:4 |     302 |      68 |  18.4 |      14 |       8 |  36.4
      Sewer |       0 |       7 | 100.0 |       0 |       5 | 100.0
            +---------+---------+-------+---------+---------+-------
